 Dungeon Crawl Stone Soup version 0.22-a0-447-gee5f723 (webtiles) character file.

64 chooseryan the Grave Robber (level 3, -3/19 HPs)
             Began as a Deep Elf Necromancer on June 3, 2018.
             Killed from afar by Natasha (6 damage)
             ... with a magic dart
             ... on level 2 of the Dungeon.
             The game lasted 00:07:25 (1961 turns).

chooseryan the Grave Robber (Deep Elf Necromancer)  Turns: 1961, Time: 00:07:26

Health: -3/19      AC:  2    Str:  5    XL:     3   Next: 91%
Magic:  7/10       EV: 13    Int: 20    God:
Gold:   58         SH:  0    Dex: 15    Spells: 9/10 levels left

rFire    . . .     SeeInvis .   (no weapon)
rCold    . . .     Gourm    .   (no shield)
rNeg     . . .     Faith    .   a - +0 robe
rPois    .         Spirit   .   (no helmet)
rElec    .         Reflect  .   (no cloak)
rCorr    .         Harm     .   (no gloves)
MR       .....                  (no boots)
Stlth    ++........             (no amulet)
HPRegen  0.06/turn              (no ring)
MPRegen  0.12/turn              (no ring)

@: slowed, very slow
A: no striking features
a: no special abilities


You were on level 2 of the Dungeon.
You were not hungry.

You visited 1 branch of the dungeon, and saw 2 of its levels.

You collected 58 gold pieces.

Inventory:

Hand Weapons
 f - a +1 whip of distortion
Armour
 a - a +0 robe (worn)
Scrolls
 b - a scroll of remove curse {unknown}
 e - a scroll of enchant armour {unknown}
 j - a scroll of teleportation {unknown}
 l - a scroll of enchant weapon {unknown}
 m - a scroll of identify {unknown}
Potions
 c - a potion of curing {unknown}
 d - a potion of brilliance {unknown}
 g - a potion of ambrosia {unknown}
 i - a potion of flight {unknown}
 n - a potion of mutation {unknown}
Comestibles
 h - 3 rations


   Skills:
 + Level 2.6 Dodging
 + Level 2.8 Stealth
 + Level 4.0 Spellcasting
 + Level 5.9 Necromancy


You had 9 spell levels left.
You knew the following spells:

 Your Spells              Type           Power        Failure   Level  Hunger
a - Pain                  Necr           ####         1%          1    None

Your spell library contained the following spells:

 Spells                   Type           Power        Failure   Level  Hunger
 Animate Dead             Necr           N/A          11%         4    ####...
 Animate Skeleton         Necr           N/A          1%          1    None
 Vampiric Draining        Necr           ####......   3%          3    ###....
 Regeneration             Chrm/Necr      ###.......   11%         3    ###....


Dungeon Overview and Level Annotations

Branches:
Dungeon (2/15)

Altars:

Annotations:
D:2 Natasha


Message History

Aiming: Pain (safe; 1% risk of failure)
Press: ? - help, Shift-Dir - straight line, f - goblin
Aim: a goblin, wielding a dagger (chance to defeat MR: 93%)
The goblin writhes in agony!
You kill the goblin!
You start resting.
Natasha, Servant of Life and Death comes into view.
Natasha is nearby!
You aren't carrying any items that you can evoke.
Press: ? - help, v - describe, . - travel The floor.
Natasha hisses angrily.
Natasha casts a spell at you. The magic dart hits you!
* * * LOW HITPOINT WARNING * * *
Natasha stares at you and mumbles some strange words.
You feel yourself slow down. Natasha casts a spell at you.
The magic dart hits you!
You die...

### ... ## #.##########
...###..........#####
.....##.######.....##
#.###....# #####..### #.#
##...# ##...#
#...##.(.#############.###
.....†...@.........# #...#
..[................# ###.#
##....†.##.).......# #.#
###.)#..#..)......# #.#
#..##.#.....h...# #.#
#..........†....### #.#
#..###......).....# #.# .g
##...........# #.# #.
#.....)..?..# #.#


You could see Natasha.

Vanquished Creatures
  Robin (D:2)
  4 dart slugs
  A leopard gecko (D:1)
  2 giant cockroaches (D:1)
  9 goblins
  11 hobgoblins
  2 frilled lizards
  7 kobolds
  2 rats
39 creatures vanquished.

Notes
Turn   | Place    | Note
-------+----------+-------------------------------------------
     0 | D:1      | chooseryan the Deep Elf Necromancer began the quest for the Orb.
     0 | D:1      | Reached XP level 1. HP: 10/10 MP: 6/6
    14 | D:1      | Reached skill level 5 in Necromancy
   433 | D:1      | Reached XP level 2. HP: 15/15 MP: 6/8
  1381 | D:1      | Reached XP level 3. HP: 17/19 MP: 7/10
  1865 | D:2      | Noticed Robin
  1875 | D:2      | Killed Robin
  1951 | D:2      | Noticed Natasha
  1961 | D:2      | Killed from afar by Natasha

Vault maps used:
D:1:      shiori_arrival_maze, fountainhead
D:2:      first_ration, serial_park_tiny_2, uniq_natasha, uniq_robin

Skill      XL: |  1  2  3 |
---------------+----------+-----
Necromancy     | 5 |  5.9
Spellcasting   | 4 |  4.0
Dodging        | |  2.6
Stealth        | |  2.8

Action                   || total
-------------------------++-------
Melee: Unarmed           ||     2
 Cast: Pain              ||    70
  Eat: Ration            ||     1
Dodge: Dodged            ||     7

Table legend:
 A = Spawn XP
 B = Non-spawn XP
 C = Spawn XP percentage of total XP
 D = Spawn monster count
 E = Non-spawn monster count
 F = Spawn count percentage of total count
 G = Total turns spent on level
                    A         B        C        D         E        F      G
               +---------+---------+-------+---------+---------+-------+---------
         Total |       0 |      92 |   0.0 |       0 |      39 |   0.0 |  1961
               +---------+---------+-------+---------+---------+-------+---------
           D:1 |       0 |      53 |   0.0 |       0 |      25 |   0.0 |  1702
           D:2 |       0 |      39 |   0.0 |       0 |      14 |   0.0 |   259
               +---------+---------+-------+---------+---------+-------+---------
